ESL (28 & UNDER)
READING RAINBOWS @ MT PLEASANT BEARCATS
09/22/2026
 
TOP OF THE 1ST
Reading Rainbows batting - Pitching for Mt Pleasant Bearcats : RHP Mike Horton
Pitching: RHP Mike Horton
Batting: LHB Alfonso Ruíz 0-0: Foul Ball, location: 2F
0-1: Foul Ball, location: 2F
0-2: SINGLE (Groundball, 34D) (infield hit)
Batting: RHB Von Ford 0-0: Ball
1-0: Ball
2-0: Foul Ball, location: 2F
2-1: Foul Ball, location: 2F
2-2: Strikes out swinging
Batting: RHB Dan Banks 0-0: Ball
1-0: Foul Ball, location: 2F
1-1: Foul Ball, location: 2F
1-2: SINGLE (Groundball, 6M)
Alfonso Ruíz to second
Runner from 2nd tries for 3rd, SAFE, no throw or cutoff
Batting: RHB Hubert Brown 0-0: Ball
Dan Banks is caught stealing 2nd base
1-0: Foul Ball, location: 2F
1-1: Foul Ball, location: 2F
1-2: Foul Ball, location: 2F
1-2: Ball
2-2: 2-RUN HOME RUN (Flyball, 78XD), Distance : 400 ft
Batting: RHB Albert Lutz 0-0: Ball
1-0: Foul Ball, location: 2F
1-1: Swinging Strike
1-2: Ball
2-2: Strikes out swinging
Top of the 1st over - 2 run(s), 3 hit(s), 0 error(s), 0 left on base; Reading 2 - Mt Pleasant 0
BOTTOM OF THE 1ST
Mt Pleasant Bearcats batting - Pitching for Reading Rainbows : LHP Dave Watkins
Pitching: LHP Dave Watkins
Batting: RHB Jeffrey Hicks 0-0: Called Strike
0-1: Ball
1-1: Foul Ball, location: 2F
1-2: SINGLE (Line Drive, 4MD)
Batting: RHB Irving Galloway 0-0: Called Strike
0-1: Ball
1-1: Ball
2-1: Ball
3-1: Grounds into double play, 6-4-3 (Groundball, 6M)
Batting: RHB Patrick Potts 0-0: Ball
1-0: Ground out 6-3 (Groundball, 6M)
Bottom of the 1st over - 0 run(s), 1 hit(s), 0 error(s), 0 left on base; Reading 2 - Mt Pleasant 0
TOP OF THE 2ND
Reading Rainbows batting - Pitching for Mt Pleasant Bearcats : RHP Mike Horton
Batting: LHB Shane Lynch 0-0: Ball
1-0: Ball
2-0: Swinging Strike
2-1: Swinging Strike
2-2: Strikes out looking
Batting: LHB John Hudson 0-0: Ball
1-0: Called Strike
1-1: Fly out, F6 (Popup, 6D)
Batting: RHB Donald Sanford 0-0: Ball
1-0: Ball
2-0: Called Strike
2-1: Ground out 5-3 (Groundball, 5)
Top of the 2nd over - 0 run(s), 0 hit(s), 0 error(s), 0 left on base; Reading 2 - Mt Pleasant 0
BOTTOM OF THE 2ND
Mt Pleasant Bearcats batting - Pitching for Reading Rainbows : LHP Dave Watkins
Batting: RHB Pat Fernández 0-0: Called Strike
0-1: Foul Ball, location: 2F
0-2: Ground out 6-3 (Groundball, 6M)
Batting: RHB Ramiro Chávez 0-0: Ball
1-0: Ball
2-0: Ball
3-0: Called Strike
3-1: Base on Balls
Batting: RHB Roberto Martínez 0-0: Ball
1-0: Foul Ball, location: 2F
1-1: Fielders Choice at 2nd, 1-6 (Groundball, 15S)
Batting: RHB Jaime Hernández 0-0: Ball
1-0: Called Strike
1-1: Ball
2-1: Ground out 5-3 (Groundball, 56)
Bottom of the 2nd over - 0 run(s), 0 hit(s), 0 error(s), 1 left on base; Reading 2 - Mt Pleasant 0
TOP OF THE 3RD
Reading Rainbows batting - Pitching for Mt Pleasant Bearcats : RHP Mike Horton
Batting: LHB Wally Coker 0-0: Ground out 4-3 (Groundball, 4M)
Batting: LHB Alfonso Ruíz 0-0: Ball
1-0: Fly out, F7 (Flyball, 7M)
Batting: RHB Von Ford 0-0: Ball
1-0: Called Strike
1-1: Swinging Strike
1-2: Strikes out swinging
Top of the 3rd over - 0 run(s), 0 hit(s), 0 error(s), 0 left on base; Reading 2 - Mt Pleasant 0
BOTTOM OF THE 3RD
Mt Pleasant Bearcats batting - Pitching for Reading Rainbows : LHP Dave Watkins
Batting: RHB Carlos Luna 0-0: Ball
1-0: Ball
2-0: Ball
3-0: Base on Balls
Batting: RHB Chris Jones 0-0: Ball
1-0: Called Strike
1-1: Foul Ball, location: 2F
1-2: Ball
2-2: Ball
3-2: SINGLE (Line Drive, 78S)
Carlos Luna to second
Carlos Luna to third
Batting: RHB Jeffrey Hicks 0-0: Ball
1-0: Swinging Strike
1-1: SINGLE (Groundball, 56)
Carlos Luna scores
Chris Jones to second
Batting: RHB Irving Galloway 0-0: Called Strike
0-1: Foul Ball, location: 2F
0-2: Fly out, F8 (Flyball, 78XD)
Runner from 2nd tags up, SAFE at 3rd, no throw
Batting: RHB Patrick Potts 0-0: Swinging Strike
0-1: Ball
1-1: Called Strike
1-2: Fielders Choice at 2nd, 6-4 (Groundball, 6)
Chris Jones scores
Batting: RHB Pat Fernández 0-0: Ground out 3-1 (Groundball, 34)
Bottom of the 3rd over - 2 run(s), 2 hit(s), 0 error(s), 1 left on base; Reading 2 - Mt Pleasant 2
TOP OF THE 4TH
Reading Rainbows batting - Pitching for Mt Pleasant Bearcats : RHP Mike Horton
Batting: RHB Dan Banks 0-0: Foul Ball, location: 2F
0-1: Called Strike
0-2: Ball
1-2: Ground out U3 (Groundball, 3S)
Batting: RHB Hubert Brown 0-0: Ball
1-0: Called Strike
1-1: Called Strike
1-2: Strikes out swinging
Batting: RHB Albert Lutz 0-0: Called Strike
0-1: Foul Ball, location: 2F
0-2: Ball
1-2: Ground out 4-3 (Groundball, 4)
Top of the 4th over - 0 run(s), 0 hit(s), 0 error(s), 0 left on base; Reading 2 - Mt Pleasant 2
BOTTOM OF THE 4TH
Mt Pleasant Bearcats batting - Pitching for Reading Rainbows : LHP Dave Watkins
Batting: RHB Ramiro Chávez 0-0: Ground out 4-3 (Groundball, 4M)
Batting: RHB Roberto Martínez 0-0: Ball
1-0: Ground out 5-3 (Groundball, 56)
Batting: RHB Jaime Hernández 0-0: Called Strike
0-1: Ball
1-1: Ball
2-1: Swinging Strike
2-2: Strikes out swinging
Bottom of the 4th over - 0 run(s), 0 hit(s), 0 error(s), 0 left on base; Reading 2 - Mt Pleasant 2
TOP OF THE 5TH
Reading Rainbows batting - Pitching for Mt Pleasant Bearcats : RHP Mike Horton
Batting: LHB Shane Lynch 0-0: DOUBLE (Flyball, 89XD)
Pinch Runner at 2nd Joe Land:
Batting: LHB John Hudson 0-0: Ball
1-0: Foul Ball, location: 2F
1-1: Swinging Strike
1-2: Strikes out looking
Batting: RHB Donald Sanford 0-0: Ball
1-0: Swinging Strike
1-1: Ball
2-1: Foul Ball, location: 2F
2-2: Foul Ball, location: 2F
2-2: Ball
3-2: Base on Balls
Batting: LHB Wally Coker 0-0: Ball
1-0: Foul Ball, location: 2F
1-1: Fly out, F9 (Flyball, 8RM)
Batting: LHB Alfonso Ruíz 0-0: Ball
1-0: Ball
2-0: Ball
3-0: Base on Balls
Joe Land to third
Donald Sanford to second
Batting: RHB Von Ford 0-0: Swinging Strike
0-1: Ball
1-1: Ball
2-1: Swinging Strike
2-2: SINGLE (Groundball, 34D)
Joe Land scores
Donald Sanford to third
Alfonso Ruíz to second
Runner from 3rd tries for Home, SAFE, no throw or cutoff
Batting: RHB Dan Banks 0-0: Ball
1-0: Ball
2-0: Called Strike
2-1: Foul Ball, location: 2F
2-2: Foul Ball, location: 2F
2-2: Foul Ball, location: 2F
2-2: Strikes out swinging
Top of the 5th over - 2 run(s), 2 hit(s), 0 error(s), 2 left on base; Reading 4 - Mt Pleasant 2
BOTTOM OF THE 5TH
Mt Pleasant Bearcats batting - Pitching for Reading Rainbows : LHP Dave Watkins
Now in CF: Joe Land
Batting: RHB Carlos Luna 0-0: Ball
1-0: Foul Ball, location: 2F
1-1: Ball
2-1: Foul Ball, location: 2F
2-2: Ball
3-2: Base on Balls
Batting: RHB Chris Jones 0-0: Called Strike
0-1: SINGLE (Groundball, 15) (infield hit)
Carlos Luna to second
Batting: RHB Jeffrey Hicks 0-0: Ground out 5-3 (Groundball, 5S)
Carlos Luna to third
Chris Jones to second
Batting: RHB Irving Galloway 0-0: Foul Ball, location: 2F
0-1: Ball
1-1: Ball
2-1: Ball
3-1: Ground out 5-3 (Groundball, 5L)
Batting: RHB Patrick Potts 0-0: Ball
1-0: Called Strike
1-1: Ball
2-1: Fly out, F2 (Popup, 2R)
Bottom of the 5th over - 0 run(s), 1 hit(s), 0 error(s), 2 left on base; Reading 4 - Mt Pleasant 2
TOP OF THE 6TH
Reading Rainbows batting - Pitching for Mt Pleasant Bearcats : RHP Mike Horton
Batting: RHB Hubert Brown 0-0: Ball
1-0: Foul Ball, location: 2F
1-1: Swinging Strike
1-2: Ball
2-2: Fly out, F7 (Flyball, 78M)
Batting: RHB Albert Lutz 0-0: Ball
1-0: Called Strike
1-1: Fly out, F9 (Flyball, 9LD)
Batting: RHB Joe Land 0-0: Fly out, F3 (Popup, 3)
Top of the 6th over - 0 run(s), 0 hit(s), 0 error(s), 0 left on base; Reading 4 - Mt Pleasant 2
BOTTOM OF THE 6TH
Mt Pleasant Bearcats batting - Pitching for Reading Rainbows : LHP Dave Watkins
Batting: RHB Pat Fernández 0-0: Foul Ball, location: 2F
0-1: Ball
1-1: Ball
2-1: SINGLE (Flyball, 34D)
Batting: RHB Ramiro Chávez 0-0: Foul Ball, location: 2F
0-1: Ball
1-1: Called Strike
1-2: Foul Ball, location: 2F
1-2: Ball
2-2: DOUBLE (Flyball, 78XD)
Pat Fernández to third
Batting: RHB Roberto Martínez 0-0: Called Strike
0-1: Called Strike
0-2: Ball
1-2: Strikes out swinging
Batting: RHB Jaime Hernández 0-0: Ball
1-0: Foul Ball, location: 2F
1-1: Ball
2-1: Foul Ball, location: 2F
2-2: Strikes out swinging
Batting: RHB Carlos Luna 0-0: Ball
1-0: DOUBLE (Line Drive, 7LM)
Pat Fernández scores
Ramiro Chávez scores
Batting: RHB Chris Jones 0-0: Swinging Strike
0-1: SINGLE (Flyball, 89S)
Carlos Luna to third
Runner from 3rd tries for Home, SAFE, no throw or cutoff
Pitching: LHP Beau Montgomery
Batting: RHB Jeffrey Hicks 0-0: Ball
1-0: Foul Ball, location: 2F
1-1: Foul Ball, location: 2F
1-2: Ball
2-2: Fielders Choice at 2nd, U6 (Groundball, 6M)
Bottom of the 6th over - 3 run(s), 4 hit(s), 0 error(s), 1 left on base; Reading 4 - Mt Pleasant 5
TOP OF THE 7TH
Reading Rainbows batting - Pitching for Mt Pleasant Bearcats : RHP Mike Horton
Batting: LHB John Hudson 0-0: Ball
1-0: Called Strike
1-1: Called Strike
1-2: Strikes out looking
Pitching: RHP Bill Sampson
Batting: RHB Donald Sanford 0-0: Swinging Strike
0-1: Foul Ball, location: 2F
0-2: Foul Ball, location: 2F
0-2: Ball
1-2: Foul Ball, location: 2F
1-2: Foul Ball, location: 2F
1-2: Ball
2-2: Fly out, F7 (Flyball, 78XD)
Batting: LHB Wally Coker 0-0: Called Strike
Single, Error in OF, E9, batter to second base
Batting: LHB Alfonso Ruíz 0-0: Called Strike
0-1: Ball
1-1: Foul Ball, location: 2F
1-2: Foul Ball, location: 2F
1-2: Foul Ball, location: 2F
1-2: Fly out, F3 (Line Drive, 3)
Top of the 7th over - 0 run(s), 1 hit(s), 1 error(s), 1 left on base; Reading 4 - Mt Pleasant 5
BOTTOM OF THE 7TH
Mt Pleasant Bearcats batting - Pitching for Reading Rainbows : LHP Beau Montgomery
Batting: RHB Irving Galloway 0-0: Foul Ball, location: 2F
0-1: Ball
1-1: Foul Ball, location: 2F
1-2: SINGLE (Line Drive, 89M)
Batting: RHB Patrick Potts 0-0: Foul Ball, location: 2F
0-1: SINGLE (Line Drive, 5D)
Irving Galloway to second
Batting: RHB Pat Fernández 0-0: Ball
1-0: Ball
2-0: Foul Ball, location: 2F
2-1: Foul Ball, location: 2F
2-2: Fly out, F8 (Line Drive, 8LS)
Batting: RHB Ramiro Chávez 0-0: Ball
1-0: Foul Ball, location: 2F
1-1: SINGLE (Flyball, 9LS)
Irving Galloway to third
Patrick Potts to second
Pinch Hitting: SHB William Hamilton 0-0: Ball
1-0: Ball
2-0: Ball
3-0: Called Strike
3-1: Grounds into fielders choice 1-2 (Groundball, 13S)
Patrick Potts to third
Ramiro Chávez to second
Batting: RHB Jaime Hernández 0-0: Ground out 6-3 (Groundball, 6)
Bottom of the 7th over - 0 run(s), 3 hit(s), 0 error(s), 3 left on base; Reading 4 - Mt Pleasant 5
TOP OF THE 8TH
Reading Rainbows batting - Pitching for Mt Pleasant Bearcats : RHP Bill Sampson
Now at 1B: Yasutoki Kojima
Now at 3B: William Hamilton
Now at SS: Fernando Pérez
Batting: RHB Von Ford 0-0: Foul Ball, location: 2F
0-1: Foul Ball, location: 2F
0-2: Foul Ball, location: 2F
0-2: Ball
1-2: Strikes out looking
Batting: RHB Dan Banks 0-0: Ball
1-0: Foul Ball, location: 2F
1-1: Ground out 5-3 (Groundball, 5L)
Batting: RHB Hubert Brown 0-0: Called Strike
0-1: Called Strike
0-2: Ball
1-2: Fly out, F7 (Flyball, 7M)
Top of the 8th over - 0 run(s), 0 hit(s), 0 error(s), 0 left on base; Reading 4 - Mt Pleasant 5
BOTTOM OF THE 8TH
Mt Pleasant Bearcats batting - Pitching for Reading Rainbows : LHP Beau Montgomery
Batting: RHB Carlos Luna 0-0: Called Strike
0-1: Swinging Strike
0-2: Ground out 6-3 (Groundball, 6)
Batting: RHB Chris Jones 0-0: Called Strike
0-1: Ball
1-1: Swinging Strike
1-2: Ground out 5-3 (Groundball, 5)
Batting: RHB Jeffrey Hicks 0-0: Swinging Strike
0-1: Foul Ball, location: 2F
0-2: Ball
1-2: Ground out 5-3 (Groundball, 56)
Bottom of the 8th over - 0 run(s), 0 hit(s), 0 error(s), 0 left on base; Reading 4 - Mt Pleasant 5
TOP OF THE 9TH
Reading Rainbows batting - Pitching for Mt Pleasant Bearcats : RHP Bill Sampson
Pitching: RHP Kenshin Kubota
Now in RF: Juan Trujillo
Batting: RHB Albert Lutz 0-0: Fly out, F3 (Popup, 3SF)
Pinch Hitting: LHB Richard Henry 0-0: Ball
1-0: Called Strike
1-1: Ball
2-1: Swinging Strike
2-2: Foul Ball, location: 2F
2-2: Ball
3-2: Base on Balls
Batting: LHB John Hudson 0-0: Called Strike
0-1: Foul Ball, location: 2F
0-2: Ball
1-2: 2-RUN HOME RUN (Flyball, 9D), Distance : 369 ft
Batting: RHB Donald Sanford 0-0: Called Strike
0-1: Foul Ball, location: 2F
0-2: Strikes out swinging
Batting: LHB Wally Coker 0-0: Ball
1-0: SINGLE (Line Drive, 6M)
Batting: LHB Alfonso Ruíz 0-0: Fly out, F7 (Line Drive, 78M)
Top of the 9th over - 2 run(s), 2 hit(s), 0 error(s), 1 left on base; Reading 6 - Mt Pleasant 5
BOTTOM OF THE 9TH
Mt Pleasant Bearcats batting - Pitching for Reading Rainbows : LHP Beau Montgomery
Pitching: LHP Jason Nichols
Now at SS: Kyle Hollingsworth
Now in CF: Richard Henry
Batting: RHB Irving Galloway 0-0: Called Strike
0-1: Ball
1-1: Ball
2-1: Ball
3-1: Base on Balls
Batting: RHB Patrick Potts 0-0: Foul Ball, location: 2F
0-1: Ball
1-1: Foul Ball, location: 2F
1-2: Fly out, F4 (Popup, 4MD)
Batting: RHB Yasutoki Kojima 0-0: Grounds into double play, 3-6-3 (Groundball, 3)
Bottom of the 9th over - 0 run(s), 0 hit(s), 0 error(s), 0 left on base; Reading 6 - Mt Pleasant 5
Monday, December 5th, 2016 - OOTP Baseball 17.12 Build 75